Washington Capitals vs Boston Bruins
Created - Thursday, March 27, 2025 at 08:00
Goals
|
| Washington Capitals |
1 |
2 |
3 |
6 |
| Boston Bruins |
0 |
1 |
2 |
3 |
|
Shots
|
| Washington Capitals |
14 |
8 |
14 |
36 |
| Boston Bruins |
11 |
16 |
17 |
44 |
|
1st period
1. Washington Capitals , Jordan Kyrou 14 (Fabian Zetterlund 12) at 4:37
Penalties :
Ian Cole (WSH) for Tripping (Minor) at 14:06, Ryan Strome (BOS) for Holding Stick (Minor) at 19:29
2nd period
2. Washington Capitals , Alex Ovechkin 12 (Jason Robertson 23, Nico Hischier 24) at 4:11
3. Boston Bruins , Joel Farabee 17 (Andrew Copp 14) at 16:49 (PP)
4. Washington Capitals , Alex Ovechkin 13 (Nico Hischier 25, Jason Robertson 24) at 17:07
Penalties :
Thomas Harley (WSH) for Slashing (Minor) at 15:31
3rd period
5. Washington Capitals , Nico Hischier 20 (Alex Ovechkin 13) at 0:10
6. Washington Capitals , Jordan Kyrou 15 (Nick Foligno 12, Fabian Zetterlund 13) at 4:00
7. Washington Capitals , Mikael Backlund 5 (Brad Marchand 21) at 12:01
8. Boston Bruins , Connor Clifton 4 (Andrew Copp 15) at 15:00 (PP)
9. Boston Bruins , Ty Emberson 2 (Alex Newhook 19, Vincent Trocheck 27) at 18:30
Penalties :
Nick Foligno (WSH) for Delaying the game (Minor) at 7:41, John Carlson (WSH) for High sticking (Minor) at 13:39
Goalie Stats
Jake Oettinger (WSH), 41 saves from 44 shots - (0.932), W, 18-10-0, 60:00 minutes
Petr Mrazek (BOS), 30 saves from 36 shots - (0.833), L, 13-8-1, 60:00 minutes
Players Stats for Washington Capitals
Player Name G A P +/- PIM S H SB GA TA FO MP PP MP PK MP
------------------------------------------------------------------------------------
Alex Ovechkin 2 1 3 3 0 3 2 0 0 0 0/1 15:41 0:00 0:00
Brad Marchand 0 1 1 1 0 3 3 1 1 0 0/0 19:05 1:01 3:11
Drake Batherson 0 0 0 1 0 0 2 0 0 0 0/0 16:28 0:58 0:00
Fabian Zetterlund 0 2 2 1 0 2 3 0 0 1 2/2 13:33 0:00 0:44
Ian Cole 0 0 0 0 2 0 1 2 0 1 0/0 16:05 0:00 2:06
Jamie Oleksiak 0 0 0 5 0 0 7 4 0 0 0/0 26:24 0:54 3:24
Jason Robertson 0 2 2 3 0 1 1 2 0 0 2/3 16:42 1:01 0:00
John Carlson 0 0 0 4 2 1 2 0 1 1 0/0 15:55 1:05 0:00
Jordan Kyrou 2 0 2 1 0 5 0 0 1 1 2/3 14:31 0:58 0:00
Michael McLeod 0 0 0 0 0 1 1 1 0 0 6/11 10:18 0:00 3:15
Mikael Backlund 1 0 1 1 0 2 1 1 0 1 11/22 18:04 0:00 3:11
Nick Foligno 0 1 1 1 2 5 2 2 1 0 3/11 15:21 0:00 2:19
Nick Jensen 0 0 0 0 0 1 1 1 0 1 0/0 18:49 1:05 4:05
Nico Hischier 1 2 3 3 0 4 2 0 0 1 9/21 17:07 1:01 0:11
Nicolas Hague 0 0 0 0 0 1 2 2 0 1 0/0 18:52 0:00 3:13
Owen Tippett 0 0 0 0 0 4 2 0 1 0 0/1 8:45 0:58 0:00
Thomas Harley 0 0 0 1 2 2 1 4 0 0 0/0 23:59 0:54 0:26
Yegor Chinakhov 0 0 0 0 0 1 1 0 0 0 0/0 7:40 0:00 0:23
Players Stats for Boston Bruins
Player Name G A P +/- PIM S H SB GA TA FO MP PP MP PK MP
------------------------------------------------------------------------------------
Alex Newhook 0 1 1 0 0 5 0 0 1 1 0/2 17:45 3:09 0:23
Anders Lee 0 0 0 -1 0 1 0 0 0 0 1/1 12:31 0:00 0:00
Andrew Copp 0 2 2 -3 0 3 0 0 1 0 23/29 19:57 3:28 0:55
Angus Crookshank 0 0 0 -1 0 0 0 0 0 0 0/1 9:06 0:00 0:00
Connor Clifton 1 0 1 -1 0 1 0 5 0 0 0/0 20:27 3:19 0:54
Eetu Luostarinen 0 0 0 -1 0 2 1 0 1 0 2/5 9:06 0:00 0:00
Evander Kane 0 0 0 -3 0 1 0 0 1 1 1/4 18:18 3:28 0:00
Joel Farabee 1 0 1 -3 0 5 3 1 1 0 0/2 19:22 3:28 1:04
John Ludvig 0 0 0 -1 0 1 2 1 0 0 0/0 12:46 0:00 0:00
John-Jason Peterka 0 0 0 -1 0 3 0 0 1 0 0/1 9:06 0:00 0:00
Matthew Beniers 0 0 0 -1 0 4 0 0 0 1 3/5 12:31 0:00 0:00
Morgan Geekie 0 0 0 -1 0 1 1 0 0 0 0/0 13:12 0:00 0:41
Ryan Lindgren 0 0 0 -3 0 4 0 2 0 1 0/0 26:47 3:18 1:05
Ryan Strome 0 0 0 0 2 4 3 0 1 0 0/0 18:05 3:09 0:00
Torey Krug 0 0 0 -3 0 3 2 4 1 1 0/0 26:47 3:18 1:05
Ty Emberson 1 0 1 -1 0 2 2 2 0 0 0/0 20:27 3:19 0:54
Vincent Trocheck 0 1 1 0 0 3 3 0 0 0 10/25 19:01 3:09 0:55
Yegor Zamula 0 0 0 -1 0 1 0 2 0 0 0/0 12:46 0:00 0:00
3 Stars
1 - Alex Ovechkin (WSH)
2 - Nico Hischier (WSH)
3 - Jamie Oleksiak (WSH)
Power Play
Washington Capitals - 0 on 1 Attempt(s) - 0.00%
Boston Bruins - 2 on 4 Attempt(s) - 50.00%
Penalty Kill
Washington Capitals - 2 on 4 Attempt(s) - 50.00%
- Score 0 goal in Penalty Kill
Boston Bruins - 1 on 1 Attempt(s) - 100.00%
- Score 0 goal in Penalty Kill
Team Stat
Washington Capitals - Hits : 34 - Faceoff Wins : 35 - Blocked Shots : 20 - Penalty Minutes : 8
Boston Bruins - Hits : 17 - Faceoff Wins : 40 - Blocked Shots : 17 - Penalty Minutes : 2
Official
Referees : Furman South and Dan O'Rourke
Linesman : Matt MacPherson and Andrew Smith
Game Notes
No Game Note
Finance
Level 1 -- Attendance: 4293 (71.55%) -- Ticket Income $429,300
Level 2 -- Attendance: 3923 (78.46%) -- Ticket Income $235,380
Level 3 -- Attendance: 2342 (78.07%) -- Ticket Income $81,970
Level 4 -- Attendance: 3984 (79.68%) -- Ticket Income $99,600
Luxury Box -- Attendance: 742 (74.20%) -- Ticket Income $148,400
Game was played at the TD Garden.
Total Attendance: 15284 (76.42%)
Total Ticket Income: $994,650
Other Income: $348,128
Total Income: $1,342,778
Washington Capitals
5 vs 5 Forward
Center Left Wing Right Wing Time % Phy DF OF
1 Nico Hischier Alex Ovechkin Jason Robertson 30 1 2 2
2 Mikael Backlund Brad Marchand Drake Batherson 30 1 2 2
3 Nick Foligno Fabian Zetterlund Jordan Kyrou 25 1 2 2
4 Michael McLeod Owen Tippett Yegor Chinakhov 15 1 2 2
5 vs 5 Defense
Defense Defense Time % Phy DF OF
1 John Carlson Jamie Oleksiak 30 1 2 2
2 Thomas Harley Nicolas Hague 30 1 2 2
3 Ian Cole Nick Jensen 25 1 2 2
4 Thomas Harley Jamie Oleksiak 15 1 2 2
PowerPlay Forward
Center Left Wing Right Wing Time % Phy DF OF
1 Nico Hischier Brad Marchand Jason Robertson 50 1 2 2
2 Jordan Kyrou Owen Tippett Drake Batherson 50 1 2 2
PowerPlay Defense
Defense Defense Time % Phy DF OF
1 John Carlson Nick Jensen 50 1 2 2
2 Thomas Harley Jamie Oleksiak 50 1 2 2
Penalty Kill 4 Players Forward
Center Wing Time % Phy DF OF
1 Mikael Backlund Brad Marchand 50 1 2 2
2 Michael McLeod Nick Foligno 50 1 2 2
Penalty Kill 4 Players Defense
Defense Defense Time % Phy DF OF
1 Ian Cole Jamie Oleksiak 50 1 2 2
2 Nick Jensen Nicolas Hague 50 1 2 2
Penalty Kill - 3 Players Forward
Forward Time % Phy DF OF
1 Mikael Backlund 50 1 2 2
2 Michael McLeod 50 1 2 2
Penalty Kill - 3 Players Defense
Defense Defense Time % Phy DF OF
1 Ian Cole Jamie Oleksiak 50 1 2 2
2 Nick Jensen Nicolas Hague 50 1 2 2
4 vs 4 Forward
Center Wing Time % Phy DF OF
1 Nico Hischier Alex Ovechkin 50 1 2 2
2 Jordan Kyrou Jason Robertson 50 1 2 2
4 vs 4 Defense
Defense Defense Time % Phy DF OF
1 John Carlson Nick Jensen 50 1 2 2
2 Thomas Harley Jamie Oleksiak 50 1 2 2
Last Minutes Offensive
Center Left Wing Right Wing Defense Defense
Nico Hischier Brad Marchand Jason Robertson John Carlson Thomas Harley
Last Minutes Defensive
Center Left Wing Right Wing Defense Defense
Mikael Backlund Brad Marchand Nick Foligno Ian Cole Jamie Oleksiak
Goaltenders
Starting : Jake Oettinger
Backup : Sergei Bobrovsky
Extra Forwards
Normal : Jordan Kyrou, Nick Foligno, Owen Tippett - PP : Drake Batherson, Owen Tippett - PK : Fabian Zetterlund
Extra Defensemen
Normal : Nicolas Hague, Nick Jensen, Thomas Harley - PP : Nicolas Hague - PK : Nick Jensen, Thomas Harley
Penalty Shots
Jason Robertson, Drake Batherson, Yegor Chinakhov, John Carlson, Jordan Kyrou
Scratches
Stefan Noesen (Healthy), Derek Forbort (Bruised Left Leg Injury)
Boston Bruins
5 vs 5 Forward
Center Left Wing Right Wing Time % Phy DF OF
1 Vincent Trocheck Alex Newhook Ryan Strome 30 1 2 2
2 Andrew Copp Evander Kane Joel Farabee 30 1 2 2
3 Matthew Beniers Anders Lee Morgan Geekie 25 1 2 2
4 Eetu Luostarinen Angus Crookshank John-Jason Peterka 15 1 2 2
5 vs 5 Defense
Defense Defense Time % Phy DF OF
1 Torey Krug Ryan Lindgren 30 1 2 2
2 Connor Clifton Ty Emberson 30 1 2 2
3 Yegor Zamula John Ludvig 25 1 2 2
4 Torey Krug Ryan Lindgren 15 1 2 2
PowerPlay Forward
Center Left Wing Right Wing Time % Phy DF OF
1 Vincent Trocheck Alex Newhook Ryan Strome 50 1 2 2
2 Andrew Copp Evander Kane Joel Farabee 50 1 2 2
PowerPlay Defense
Defense Defense Time % Phy DF OF
1 Torey Krug Ryan Lindgren 50 1 2 2
2 Connor Clifton Ty Emberson 50 1 2 2
Penalty Kill 4 Players Forward
Center Wing Time % Phy DF OF
1 Vincent Trocheck Andrew Copp 50 1 2 2
2 Ryan Strome Joel Farabee 50 1 2 2
Penalty Kill 4 Players Defense
Defense Defense Time % Phy DF OF
1 Torey Krug Ryan Lindgren 50 1 2 2
2 Connor Clifton Ty Emberson 50 1 2 2
Penalty Kill - 3 Players Forward
Forward Time % Phy DF OF
1 Vincent Trocheck 50 1 2 2
2 Ryan Strome 50 1 2 2
Penalty Kill - 3 Players Defense
Defense Defense Time % Phy DF OF
1 Torey Krug Ryan Lindgren 50 1 2 2
2 Connor Clifton Ty Emberson 50 1 2 2
4 vs 4 Forward
Center Wing Time % Phy DF OF
1 Vincent Trocheck Anders Lee 50 1 2 2
2 Ryan Strome Joel Farabee 50 1 2 2
4 vs 4 Defense
Defense Defense Time % Phy DF OF
1 Torey Krug John Ludvig 50 1 2 2
2 Connor Clifton Ty Emberson 50 1 2 2
Last Minutes Offensive
Center Left Wing Right Wing Defense Defense
Vincent Trocheck Alex Newhook Ryan Strome Torey Krug Ryan Lindgren
Last Minutes Defensive
Center Left Wing Right Wing Defense Defense
Vincent Trocheck Alex Newhook Ryan Strome Torey Krug Ryan Lindgren
Goaltenders
Starting : Petr Mrazek
Backup : Pyotr Kochetkov
Extra Forwards
Normal : Matthew Beniers, Anders Lee, Morgan Geekie - PP : Matthew Beniers, Anders Lee - PK : Morgan Geekie
Extra Defensemen
Normal : Torey Krug, John Ludvig, Connor Clifton - PP : Torey Krug - PK : John Ludvig, Connor Clifton
Penalty Shots
Vincent Trocheck, Matthew Beniers, Ryan Strome, Joel Farabee, Andrew Copp
Scratches
Anthony Beauvillier (Healthy), Drew O'Connor (Healthy), Alex Vlasic (Healthy), Beck Malenstyn (Healthy), Viktor Arvidsson (Healthy)
% Time on Ice - Washington Capitals
Lines # - Real PCT - Wanted PCT - Time Play
Normal Forward
1 - 31% - 30% - 15:48
2 - 31% - 30% - 15:44
3 - 25% - 25% - 12:49
4 - 14% - 15% - 7:03
Normal Defense
1 - 30% - 30% - 15:33
2 - 31% - 30% - 15:53
3 - 27% - 25% - 13:39
4 - 12% - 15% - 6:19
PP Forward
1 - 51% - 50% - 1:01
2 - 49% - 50% - 0:58
PP Defense
1 - 55% - 50% - 1:05
2 - 45% - 50% - 0:54
PK Forward
1 - 48% - 50% - 3:11
2 - 52% - 50% - 3:26
PK Defense
1 - 51% - 50% - 3:24
2 - 49% - 50% - 3:13
PK3 Forward
1 - 0% - 50%
2 - 0% - 50%
PK3 Defense
1 - 0% - 50%
2 - 0% - 50%
44 Forward
1 - 0% - 50%
2 - 0% - 50%
44 Defense
1 - 0% - 50%
2 - 0% - 50%
Last Minute Offensive - 0:00
Last Minute Defensive - 0:00
Total
Forward - 60:00
Defense - 60:00
|
% Time on Ice - Boston Bruins
Lines # - Real PCT - Wanted PCT - Time Play
Normal Forward
1 - 29% - 30% - 14:57
2 - 29% - 30% - 14:50
3 - 24% - 25% - 12:31
4 - 18% - 15% - 9:06
Normal Defense
1 - 30% - 30% - 15:40
2 - 32% - 30% - 16:14
3 - 25% - 25% - 12:46
4 - 13% - 15% - 6:44
PP Forward
1 - 48% - 50% - 3:09
2 - 52% - 50% - 3:28
PP Defense
1 - 50% - 50% - 3:18
2 - 50% - 50% - 3:19
PK Forward
1 - 46% - 50% - 0:55
2 - 54% - 50% - 1:04
PK Defense
1 - 55% - 50% - 1:05
2 - 45% - 50% - 0:54
PK3 Forward
1 - 0% - 50%
2 - 0% - 50%
PK3 Defense
1 - 0% - 50%
2 - 0% - 50%
44 Forward
1 - 0% - 50%
2 - 0% - 50%
44 Defense
1 - 0% - 50%
2 - 0% - 50%
Last Minute Offensive - 0:00
Last Minute Defensive - 0:00
Total
Forward - 60:00
Defense - 60:00
|
Play-by-Play
1st period
0:01 of 1st period - Vincent Trocheck wins face-off versus Alex Ovechkin in neutral zone.
0:06 of 1st period - Snap shot by Alex Newhook.
0:06 of 1st period - Shot Misses the Net.
0:26 of 1st period - Andrew Copp is hit by Jamie Oleksiak and loses puck.
0:51 of 1st period - Slapshot by Jordan Kyrou.
0:51 of 1st period - Shot Blocked by Connor Clifton.
0:57 of 1st period - Snap shot by Fabian Zetterlund.
0:57 of 1st period - Shot Blocked by Connor Clifton.
1:17 of 1st period - Snap shot by Owen Tippett.
1:17 of 1st period - Stopped by Petr Mrazek with a rebound.
1:19 of 1st period - Slapshot by Thomas Harley.
1:19 of 1st period - Shot Misses the Net.
1:34 of 1st period - Wrist shot by Matthew Beniers.
1:34 of 1st period - Stopped by Jake Oettinger without a rebound.
1:35 of 1st period - Mikael Backlund wins face-off versus Angus Crookshank in Washington Capitals zone.
1:46 of 1st period - Snap shot by Brad Marchand.
1:46 of 1st period - Stopped by Petr Mrazek without a rebound.
1:47 of 1st period - Nico Hischier wins face-off versus Andrew Copp in Boston Bruins zone.
1:56 of 1st period - Snap shot by Jason Robertson.
1:56 of 1st period - Shot Misses the Net.
1:58 of 1st period - Backhand shot by Nico Hischier.
1:58 of 1st period - Stopped by Petr Mrazek with a rebound.
2:00 of 1st period - Slapshot by Ian Cole.
2:00 of 1st period - Shot Blocked by Ryan Lindgren.
2:04 of 1st period - Wrist shot by Nico Hischier.
2:04 of 1st period - Stopped by Petr Mrazek without a rebound.
2:05 of 1st period - Jordan Kyrou wins face-off versus Vincent Trocheck in Boston Bruins zone.
2:38 of 1st period - Snap shot by Eetu Luostarinen.
2:38 of 1st period - Shot Hit the Post.
2:54 of 1st period - Wrist shot by Andrew Copp.
2:54 of 1st period - Stopped by Jake Oettinger without a rebound.
2:55 of 1st period - Andrew Copp wins face-off versus Mikael Backlund in Washington Capitals zone.
2:56 of 1st period - Backhand shot by Joel Farabee.
2:56 of 1st period - Shot Blocked by Ian Cole.
3:22 of 1st period - Snap shot by Eetu Luostarinen.
3:22 of 1st period - Stopped by Jake Oettinger without a rebound.
3:23 of 1st period - Eetu Luostarinen wins face-off versus Michael McLeod in Washington Capitals zone.
3:32 of 1st period - Snap shot by John-Jason Peterka.
3:32 of 1st period - Stopped by Jake Oettinger without a rebound.
3:33 of 1st period - Vincent Trocheck wins face-off versus Owen Tippett in Washington Capitals zone.
3:52 of 1st period - Michael McLeod is hit by Vincent Trocheck and loses puck.
4:14 of 1st period - Backhand shot by Michael McLeod.
4:14 of 1st period - Shot Blocked by Torey Krug.
4:16 of 1st period - Wrist shot by Owen Tippett.
4:16 of 1st period - Shot Blocked by Torey Krug.
4:18 of 1st period - Wrist shot by Michael McLeod.
4:18 of 1st period - Shot Misses the Net.
4:20 of 1st period - Snap shot by Owen Tippett.
4:20 of 1st period - Stopped by Petr Mrazek without a rebound.
4:21 of 1st period - Andrew Copp wins face-off versus Nick Foligno in Boston Bruins zone.
4:21 of 1st period - Andrew Copp is hit by Nick Foligno.
4:35 of 1st period - Snap shot by Fabian Zetterlund.
4:35 of 1st period - Shot Blocked by Connor Clifton.
4:37 of 1st period - Slapshot by Jordan Kyrou.
4:37 of 1st period - Goal by Jordan Kyrou - Washington Capitals : 1 - Boston Bruins : 0.
4:38 of 1st period - Jason Robertson wins face-off versus Vincent Trocheck in neutral zone.
4:41 of 1st period - Wrist shot by Nico Hischier.
4:41 of 1st period - Shot Misses the Net.
4:50 of 1st period - Wrist shot by Nick Jensen.
4:50 of 1st period - Stopped by Petr Mrazek without a rebound.
4:51 of 1st period - Andrew Copp wins face-off versus Nico Hischier in Boston Bruins zone.
4:51 of 1st period - Andrew Copp is hit by Nico Hischier.
5:17 of 1st period - Ryan Lindgren is hit by John Carlson and loses puck.
5:38 of 1st period - Snap shot by John-Jason Peterka.
5:38 of 1st period - Stopped by Jake Oettinger with a rebound.
5:40 of 1st period - Slapshot by John Ludvig.
5:40 of 1st period - Stopped by Jake Oettinger without a rebound.
5:41 of 1st period - Mikael Backlund wins face-off versus John-Jason Peterka in Washington Capitals zone.
5:51 of 1st period - John-Jason Peterka is hit by Brad Marchand and loses puck.
7:16 of 1st period - Mikael Backlund is hit by Eetu Luostarinen and loses puck.
7:21 of 1st period - Snap shot by John-Jason Peterka.
7:21 of 1st period - Shot Misses the Net.
7:23 of 1st period - Snap shot by Angus Crookshank.
7:23 of 1st period - Shot Blocked by Mikael Backlund.
8:17 of 1st period - Torey Krug is hit by Drake Batherson and loses puck.
9:08 of 1st period - Slapshot by Joel Farabee.
9:08 of 1st period - Shot Blocked by Thomas Harley.
9:10 of 1st period - Slapshot by John Ludvig.
9:10 of 1st period - Deflect By Joel Farabee.
9:10 of 1st period - Shot Blocked by Thomas Harley.
9:10 of 1st period - Puck is out of play.
9:11 of 1st period - Nico Hischier wins face-off versus Alex Newhook in Washington Capitals zone.
9:18 of 1st period - Snap shot by Jason Robertson.
9:18 of 1st period - Shot Misses the Net.
9:38 of 1st period - Morgan Geekie is hit by Michael McLeod and loses puck.
10:24 of 1st period - Snap shot by Alex Ovechkin.
10:24 of 1st period - Shot Misses the Net.
10:42 of 1st period - John-Jason Peterka is hit by Jamie Oleksiak and loses puck.
11:07 of 1st period - Wrist shot by Fabian Zetterlund.
11:07 of 1st period - Shot Blocked by Connor Clifton.
11:09 of 1st period - Snap shot by Nick Foligno.
11:09 of 1st period - Stopped by Petr Mrazek without a rebound.
11:10 of 1st period - Fabian Zetterlund wins face-off versus Matthew Beniers in Boston Bruins zone.
11:17 of 1st period - Wrist shot by Fabian Zetterlund.
11:17 of 1st period - Stopped by Petr Mrazek without a rebound.
11:18 of 1st period - Nico Hischier wins face-off versus Vincent Trocheck in Boston Bruins zone.
11:35 of 1st period - Ryan Strome is hit by Alex Ovechkin and loses puck.
11:50 of 1st period - Wrist shot by Alex Ovechkin.
11:50 of 1st period - Shot Misses the Net.
11:52 of 1st period - Slapshot by Ian Cole.
11:52 of 1st period - Shot Misses the Net.
11:54 of 1st period - Wrist shot by Mikael Backlund.
11:54 of 1st period - Shot Blocked by Ty Emberson.
11:56 of 1st period - Snap shot by Brad Marchand.
11:56 of 1st period - Stopped by Petr Mrazek without a rebound.
11:57 of 1st period - Andrew Copp wins face-off versus Mikael Backlund in Boston Bruins zone.
12:45 of 1st period - Matthew Beniers is hit by Jason Robertson and loses puck.
13:02 of 1st period - Icing by Nico Hischier.
13:03 of 1st period - Nico Hischier wins face-off versus Eetu Luostarinen in Washington Capitals zone.
13:30 of 1st period - Nick Foligno is hit by John Ludvig.
14:06 of 1st period - Minor Penalty to Ian Cole for Tripping.
14:07 of 1st period - Vincent Trocheck wins face-off versus Mikael Backlund in Washington Capitals zone.
14:13 of 1st period - Snap shot by Alex Newhook.
14:13 of 1st period - Shot Misses the Net.
14:15 of 1st period - Wrist shot by Ryan Lindgren.
14:15 of 1st period - Stopped by Jake Oettinger with a rebound.
14:17 of 1st period - Slapshot by Ryan Lindgren.
14:17 of 1st period - Deflect By Ryan Strome.
14:17 of 1st period - Stopped by Jake Oettinger without a rebound.
14:18 of 1st period - Michael McLeod wins face-off versus Evander Kane in Washington Capitals zone.
14:24 of 1st period - Icing by Andrew Copp.
14:25 of 1st period - Mikael Backlund wins face-off versus Joel Farabee in Boston Bruins zone.
14:38 of 1st period - Snap shot by Mikael Backlund.
14:38 of 1st period - Stopped by Petr Mrazek with a rebound.
14:48 of 1st period - Jamie Oleksiak is hit by Joel Farabee and loses puck.
15:46 of 1st period - Wrist shot by Andrew Copp.
15:46 of 1st period - Shot Misses the Net.
15:48 of 1st period - Snap shot by Evander Kane.
15:48 of 1st period - Deflect By Joel Farabee.
15:48 of 1st period - Shot Misses the Net.
15:48 of 1st period - Puck is out of play.
15:49 of 1st period - Nick Foligno wins face-off versus Vincent Trocheck in Washington Capitals zone.
15:58 of 1st period - Snap shot by Alex Newhook.
15:58 of 1st period - Stopped by Jake Oettinger with a rebound.
16:00 of 1st period - Wrist shot by Alex Newhook.
16:00 of 1st period - Shot Blocked by Brad Marchand.
16:06 of 1st period - Penalty to Ian Cole is over, Ian Cole is back on ice.
16:18 of 1st period - Slapshot by Nico Hischier.
16:18 of 1st period - Shot Blocked by Ryan Lindgren.
16:40 of 1st period - Matthew Beniers is hit by Yegor Chinakhov and loses puck.
16:49 of 1st period - Snap shot by Owen Tippett.
16:49 of 1st period - Stopped by Petr Mrazek without a rebound.
16:50 of 1st period - Vincent Trocheck wins face-off versus Nick Foligno in Boston Bruins zone.
17:44 of 1st period - Slapshot by Morgan Geekie.
17:44 of 1st period - Shot Hit the Post.
17:55 of 1st period - Yegor Zamula is hit by Ian Cole and loses puck.
18:04 of 1st period - Snap shot by Alex Ovechkin.
18:04 of 1st period - Shot Blocked by John Ludvig.
18:34 of 1st period - Slapshot by Alex Ovechkin.
18:34 of 1st period - Stopped by Petr Mrazek without a rebound.
18:35 of 1st period - Mikael Backlund wins face-off versus Andrew Copp in Boston Bruins zone.
18:44 of 1st period - Wrist shot by Joel Farabee.
18:44 of 1st period - Stopped by Jake Oettinger without a rebound.
18:45 of 1st period - Mikael Backlund wins face-off versus Andrew Copp in Washington Capitals zone.
19:04 of 1st period - Wrist shot by Joel Farabee.
19:04 of 1st period - Stopped by Jake Oettinger with a rebound.
19:06 of 1st period - Wrist shot by Evander Kane.
19:06 of 1st period - Deflect By Joel Farabee.
19:06 of 1st period - Shot Misses the Net.
19:06 of 1st period - Puck is out of play.
19:07 of 1st period - Nick Foligno wins face-off versus Vincent Trocheck in Washington Capitals zone.
19:07 of 1st period - Nick Foligno is hit by Ryan Strome.
19:29 of 1st period - Minor Penalty to Ryan Strome for Holding Stick.
19:30 of 1st period - Jason Robertson wins face-off versus Vincent Trocheck in Boston Bruins zone.
19:31 of 1st period - Snap shot by Nico Hischier.
19:31 of 1st period - Stopped by Petr Mrazek without a rebound.
19:32 of 1st period - Andrew Copp wins face-off versus Nico Hischier in Boston Bruins zone.
Goals for this period are 1 for Washington Capitals vs 0 for Boston Bruins.
Shots for this period are 14 for Washington Capitals vs 11 for Boston Bruins.
2nd period
0:01 of 2nd period - Jordan Kyrou wins face-off versus Vincent Trocheck in neutral zone.
0:10 of 2nd period - Wrist shot by Drake Batherson.
0:10 of 2nd period - Shot Blocked by Connor Clifton.
0:16 of 2nd period - Jamie Oleksiak is hit by Ty Emberson and loses puck.
0:31 of 2nd period - Slapshot by Nico Hischier.
0:31 of 2nd period - Shot Blocked by Joel Farabee.
0:58 of 2nd period - Icing by Nick Jensen.
0:59 of 2nd period - Nico Hischier wins face-off versus Alex Newhook in Washington Capitals zone.
1:17 of 2nd period - Off-side.
1:18 of 2nd period - Andrew Copp wins face-off versus Jordan Kyrou in neutral zone.
1:21 of 2nd period - Wrist shot by Andrew Copp.
1:21 of 2nd period - Stopped by Jake Oettinger with a rebound.
1:23 of 2nd period - Snap shot by Vincent Trocheck.
1:23 of 2nd period - Stopped by Jake Oettinger with a rebound.
1:29 of 2nd period - Penalty to Ryan Strome is over, Ryan Strome is back on ice.
1:41 of 2nd period - Snap shot by Ryan Strome.
1:41 of 2nd period - Stopped by Jake Oettinger with a rebound.
1:43 of 2nd period - Slapshot by Torey Krug.
1:43 of 2nd period - Stopped by Jake Oettinger with a rebound.
2:07 of 2nd period - Drake Batherson is hit by Ryan Strome and loses puck.
2:12 of 2nd period - Wrist shot by Vincent Trocheck.
2:12 of 2nd period - Stopped by Jake Oettinger without a rebound.
2:13 of 2nd period - Matthew Beniers wins face-off versus Nico Hischier in Washington Capitals zone.
3:12 of 2nd period - Snap shot by Owen Tippett.
3:12 of 2nd period - Stopped by Petr Mrazek without a rebound.
3:13 of 2nd period - Anders Lee wins face-off versus Michael McLeod in Boston Bruins zone.
3:13 of 2nd period - Anders Lee is hit by Owen Tippett.
3:33 of 2nd period - Snap shot by Matthew Beniers.
3:33 of 2nd period - Shot Misses the Net.
3:35 of 2nd period - Snap shot by Ryan Strome.
3:35 of 2nd period - Deflect By Vincent Trocheck.
3:35 of 2nd period - Shot Misses the Net.
3:35 of 2nd period - Puck is out of play.
3:36 of 2nd period - Nico Hischier wins face-off versus Vincent Trocheck in Washington Capitals zone.
3:36 of 2nd period - Nico Hischier is hit by Torey Krug.
4:02 of 2nd period - Thomas Harley is hit by Morgan Geekie and loses puck.
4:09 of 2nd period - Snap shot by Jason Robertson.
4:09 of 2nd period - Stopped by Petr Mrazek with a rebound.
4:11 of 2nd period - Snap shot by Alex Ovechkin.
4:11 of 2nd period - Goal by Alex Ovechkin - Washington Capitals : 2 - Boston Bruins : 0.
4:12 of 2nd period - Andrew Copp wins face-off versus Nick Foligno in neutral zone.
5:10 of 2nd period - Wrist shot by Matthew Beniers.
5:10 of 2nd period - Stopped by Jake Oettinger without a rebound.
5:11 of 2nd period - Andrew Copp wins face-off versus Nick Foligno in Washington Capitals zone.
5:18 of 2nd period - Wrist shot by Joel Farabee.
5:18 of 2nd period - Shot Blocked by Thomas Harley.
6:04 of 2nd period - Snap shot by Anders Lee.
6:04 of 2nd period - Stopped by Jake Oettinger with a rebound.
6:06 of 2nd period - Wrist shot by Morgan Geekie.
6:06 of 2nd period - Stopped by Jake Oettinger without a rebound.
6:07 of 2nd period - Nick Foligno wins face-off versus Evander Kane in Washington Capitals zone.
7:11 of 2nd period - Wrist shot by Vincent Trocheck.
7:11 of 2nd period - Shot Blocked by Ian Cole.
8:09 of 2nd period - Snap shot by Ryan Strome.
8:09 of 2nd period - Stopped by Jake Oettinger without a rebound.
8:10 of 2nd period - Andrew Copp wins face-off versus Nico Hischier in Washington Capitals zone.
8:15 of 2nd period - Wrist shot by Andrew Copp.
8:15 of 2nd period - Stopped by Jake Oettinger with a rebound.
9:02 of 2nd period - Angus Crookshank is hit by Jamie Oleksiak and loses puck.
9:07 of 2nd period - Snap shot by Jordan Kyrou.
9:07 of 2nd period - Stopped by Petr Mrazek with a rebound.
9:26 of 2nd period - Slapshot by Thomas Harley.
9:26 of 2nd period - Stopped by Petr Mrazek with a rebound.
9:40 of 2nd period - Morgan Geekie is hit by Nico Hischier and loses puck.
11:18 of 2nd period - Ryan Lindgren is hit by Thomas Harley and loses puck.
11:31 of 2nd period - Evander Kane is hit by Owen Tippett and loses puck.
11:46 of 2nd period - Alex Ovechkin is hit by John Ludvig and loses puck.
12:03 of 2nd period - Anders Lee is hit by Fabian Zetterlund and loses puck.
13:00 of 2nd period - Eetu Luostarinen is hit by Jamie Oleksiak and loses puck.
13:23 of 2nd period - Vincent Trocheck is hit by Nick Jensen and loses puck.
13:32 of 2nd period - Fabian Zetterlund is hit by Vincent Trocheck and loses puck.
14:14 of 2nd period - Wrist shot by Nick Foligno.
14:14 of 2nd period - Stopped by Petr Mrazek without a rebound.
14:15 of 2nd period - Andrew Copp wins face-off versus Mikael Backlund in Boston Bruins zone.
14:15 of 2nd period - Andrew Copp is hit by Brad Marchand.
14:41 of 2nd period - Nico Hischier is hit by Ryan Strome and loses puck.
15:31 of 2nd period - Minor Penalty to Thomas Harley for Slashing.
15:32 of 2nd period - Michael McLeod wins face-off versus Vincent Trocheck in Washington Capitals zone.
15:40 of 2nd period - Mikael Backlund is hit by Vincent Trocheck and loses puck.
16:03 of 2nd period - Slapshot by Ryan Lindgren.
16:03 of 2nd period - Deflect By Nick Foligno.
16:03 of 2nd period - Stopped by Jake Oettinger with a rebound.
16:05 of 2nd period - Slapshot by Ryan Lindgren.
16:05 of 2nd period - Shot Misses the Net.
16:07 of 2nd period - Slapshot by Torey Krug.
16:07 of 2nd period - Stopped by Jake Oettinger with a rebound.
16:09 of 2nd period - Snap shot by Andrew Copp.
16:09 of 2nd period - Deflect By Joel Farabee.
16:09 of 2nd period - Shot Blocked by Nick Jensen.
16:09 of 2nd period - Puck is out of play.
16:10 of 2nd period - Vincent Trocheck wins face-off versus Michael McLeod in Washington Capitals zone.
16:36 of 2nd period - Wrist shot by Ryan Lindgren.
16:36 of 2nd period - Stopped by Jake Oettinger without a rebound.
16:37 of 2nd period - Mikael Backlund wins face-off versus Joel Farabee in Washington Capitals zone.
16:37 of 2nd period - Mikael Backlund is hit by Joel Farabee.
16:49 of 2nd period - Slapshot by Joel Farabee.
16:49 of 2nd period - Goal by Joel Farabee - Washington Capitals : 2 - Boston Bruins : 1.
16:50 of 2nd period - Andrew Copp wins face-off versus Nico Hischier in neutral zone.
17:07 of 2nd period - Snap shot by Alex Ovechkin.
17:07 of 2nd period - Goal by Alex Ovechkin - Washington Capitals : 3 - Boston Bruins : 1.
17:08 of 2nd period - Andrew Copp wins face-off versus Mikael Backlund in neutral zone.
17:44 of 2nd period - Wrist shot by Drake Batherson.
17:44 of 2nd period - Shot Misses the Net.
17:46 of 2nd period - Slapshot by Mikael Backlund.
17:46 of 2nd period - Shot Misses the Net.
17:48 of 2nd period - Slapshot by Thomas Harley.
17:48 of 2nd period - Stopped by Petr Mrazek without a rebound.
17:49 of 2nd period - Vincent Trocheck wins face-off versus Jason Robertson in Boston Bruins zone.
18:02 of 2nd period - Snap shot by Ryan Strome.
18:02 of 2nd period - Stopped by Jake Oettinger without a rebound.
18:03 of 2nd period - Matthew Beniers wins face-off versus Nick Foligno in Washington Capitals zone.
18:04 of 2nd period - Wrist shot by Morgan Geekie.
18:04 of 2nd period - Deflect By Matthew Beniers.
18:04 of 2nd period - Shot Hit the Post.
18:04 of 2nd period - Puck is out of play.
18:05 of 2nd period - Matthew Beniers wins face-off versus Nick Foligno in Washington Capitals zone.
18:57 of 2nd period - Slapshot by John-Jason Peterka.
18:57 of 2nd period - Stopped by Jake Oettinger with a rebound.
19:38 of 2nd period - Jamie Oleksiak is hit by Ty Emberson and loses puck.
Goals for this period are 2 for Washington Capitals vs 1 for Boston Bruins.
Shots for this period are 8 for Washington Capitals vs 16 for Boston Bruins.
3rd period
0:01 of 3rd period - Andrew Copp wins face-off versus Nico Hischier in neutral zone.
0:10 of 3rd period - Snap shot by Nico Hischier.
0:10 of 3rd period - Deflect By Torey Krug.
0:10 of 3rd period - Goal by Nico Hischier - Washington Capitals : 4 - Boston Bruins : 1.
0:11 of 3rd period - Andrew Copp wins face-off versus Mikael Backlund in neutral zone.
1:00 of 3rd period - Backhand shot by Nick Foligno.
1:00 of 3rd period - Stopped by Petr Mrazek with a rebound.
1:20 of 3rd period - Snap shot by Yegor Chinakhov.
1:20 of 3rd period - Stopped by Petr Mrazek without a rebound.
1:21 of 3rd period - Michael McLeod wins face-off versus Eetu Luostarinen in Boston Bruins zone.
1:24 of 3rd period - Snap shot by Owen Tippett.
1:24 of 3rd period - Shot Misses the Net.
1:26 of 3rd period - Slapshot by Owen Tippett.
1:26 of 3rd period - Shot Blocked by Ty Emberson.
1:28 of 3rd period - Snap shot by Michael McLeod.
1:28 of 3rd period - Shot Misses the Net.
1:30 of 3rd period - Slapshot by Nicolas Hague.
1:30 of 3rd period - Stopped by Petr Mrazek without a rebound.
1:31 of 3rd period - Vincent Trocheck wins face-off versus Mikael Backlund in Boston Bruins zone.
1:31 of 3rd period - Vincent Trocheck is hit by Drake Batherson.
1:39 of 3rd period - Slapshot by Vincent Trocheck.
1:39 of 3rd period - Shot Blocked by Nicolas Hague.
1:41 of 3rd period - Slapshot by Ryan Strome.
1:41 of 3rd period - Shot Hit the Post.
1:43 of 3rd period - Snap shot by Ryan Strome.
1:43 of 3rd period - Deflect By Alex Newhook.
1:43 of 3rd period - Stopped by Jake Oettinger with a rebound.
1:45 of 3rd period - Snap shot by Ryan Strome.
1:45 of 3rd period - Shot Misses the Net.
1:47 of 3rd period - Slapshot by Alex Newhook.
1:47 of 3rd period - Stopped by Jake Oettinger without a rebound.
1:48 of 3rd period - Andrew Copp wins face-off versus Nico Hischier in Washington Capitals zone.
1:51 of 3rd period - Snap shot by Evander Kane.
1:51 of 3rd period - Deflect By Joel Farabee.
1:51 of 3rd period - Shot Misses the Net.
1:51 of 3rd period - Puck is out of play.
1:52 of 3rd period - Andrew Copp wins face-off versus Nico Hischier in Washington Capitals zone.
1:55 of 3rd period - Wrist shot by Andrew Copp.
1:55 of 3rd period - Shot Blocked by Nicolas Hague.
1:57 of 3rd period - Snap shot by Evander Kane.
1:57 of 3rd period - Stopped by Jake Oettinger with a rebound.
1:59 of 3rd period - Snap shot by Andrew Copp.
1:59 of 3rd period - Shot Misses the Net.
2:01 of 3rd period - Slapshot by Joel Farabee.
2:01 of 3rd period - Shot Misses the Net.
2:03 of 3rd period - Slapshot by Ty Emberson.
2:03 of 3rd period - Deflect By Alex Ovechkin.
2:03 of 3rd period - Stopped by Jake Oettinger with a rebound.
2:05 of 3rd period - Slapshot by Connor Clifton.
2:05 of 3rd period - Shot Misses the Net.
2:07 of 3rd period - Slapshot by Ty Emberson.
2:07 of 3rd period - Shot Misses the Net.
2:29 of 3rd period - Snap shot by Anders Lee.
2:29 of 3rd period - Shot Blocked by Thomas Harley.
3:01 of 3rd period - Wrist shot by Nick Foligno.
3:01 of 3rd period - Stopped by Petr Mrazek without a rebound.
3:02 of 3rd period - Fabian Zetterlund wins face-off versus Eetu Luostarinen in Boston Bruins zone.
3:45 of 3rd period - Angus Crookshank is hit by Jamie Oleksiak and loses puck.
3:50 of 3rd period - Snap shot by Jordan Kyrou.
3:50 of 3rd period - Stopped by Petr Mrazek with a rebound.
3:52 of 3rd period - Slapshot by John Carlson.
3:52 of 3rd period - Shot Blocked by Yegor Zamula.
3:54 of 3rd period - Slapshot by Fabian Zetterlund.
3:54 of 3rd period - Shot Blocked by Yegor Zamula.
3:56 of 3rd period - Wrist shot by Fabian Zetterlund.
3:56 of 3rd period - Shot Misses the Net.
3:58 of 3rd period - Snap shot by Nick Foligno.
3:58 of 3rd period - Shot Misses the Net.
4:00 of 3rd period - Slapshot by Jordan Kyrou.
4:00 of 3rd period - Goal by Jordan Kyrou - Washington Capitals : 5 - Boston Bruins : 1.
4:01 of 3rd period - Mikael Backlund wins face-off versus Evander Kane in neutral zone.
4:06 of 3rd period - Wrist shot by Brad Marchand.
4:06 of 3rd period - Shot Blocked by Torey Krug.
4:42 of 3rd period - Icing by Anders Lee.
4:43 of 3rd period - Nico Hischier wins face-off versus Matthew Beniers in Boston Bruins zone.
4:52 of 3rd period - Icing by Jason Robertson.
4:53 of 3rd period - Andrew Copp wins face-off versus Nico Hischier in Washington Capitals zone.
5:02 of 3rd period - Snap shot by Evander Kane.
5:02 of 3rd period - Shot Blocked by Jason Robertson.
5:56 of 3rd period - Wrist shot by Alex Newhook.
5:56 of 3rd period - Stopped by Jake Oettinger with a rebound.
6:02 of 3rd period - Snap shot by Jason Robertson.
6:02 of 3rd period - Deflect By Alex Ovechkin.
6:02 of 3rd period - Shot Misses the Net.
6:02 of 3rd period - Puck is out of play.
6:03 of 3rd period - Mikael Backlund wins face-off versus Andrew Copp in Boston Bruins zone.
6:30 of 3rd period - John Ludvig is hit by Nicolas Hague and loses puck.
6:35 of 3rd period - Wrist shot by Jordan Kyrou.
6:35 of 3rd period - Stopped by Petr Mrazek with a rebound.
6:37 of 3rd period - Wrist shot by Fabian Zetterlund.
6:37 of 3rd period - Stopped by Petr Mrazek without a rebound.
6:38 of 3rd period - Michael McLeod wins face-off versus Vincent Trocheck in Boston Bruins zone.
6:51 of 3rd period - Wrist shot by Vincent Trocheck.
6:51 of 3rd period - Shot Blocked by Jamie Oleksiak.
7:03 of 3rd period - Mikael Backlund is hit by Joel Farabee and loses puck.
7:29 of 3rd period - Wrist shot by Morgan Geekie.
7:29 of 3rd period - Shot Misses the Net.
7:41 of 3rd period - Minor Penalty to Nick Foligno for Delaying the game.
7:42 of 3rd period - Michael McLeod wins face-off versus Vincent Trocheck in Washington Capitals zone.
7:42 of 3rd period - Michael McLeod is hit by Torey Krug.
7:54 of 3rd period - Wrist shot by Vincent Trocheck.
7:54 of 3rd period - Stopped by Jake Oettinger with a rebound.
7:56 of 3rd period - Slapshot by Ryan Lindgren.
7:56 of 3rd period - Stopped by Jake Oettinger without a rebound.
7:57 of 3rd period - Andrew Copp wins face-off versus Michael McLeod in Washington Capitals zone.
9:41 of 3rd period - Penalty to Nick Foligno is over, Nick Foligno is back on ice.
9:50 of 3rd period - Slapshot by Matthew Beniers.
9:50 of 3rd period - Stopped by Jake Oettinger with a rebound.
9:52 of 3rd period - Snap shot by Morgan Geekie.
9:52 of 3rd period - Shot Blocked by Jamie Oleksiak.
9:54 of 3rd period - Slapshot by Yegor Zamula.
9:54 of 3rd period - Deflect By Nico Hischier.
9:54 of 3rd period - Stopped by Jake Oettinger without a rebound.
9:55 of 3rd period - Eetu Luostarinen wins face-off versus Nick Foligno in Washington Capitals zone.
10:06 of 3rd period - Angus Crookshank is hit by Nicolas Hague.
10:20 of 3rd period - Yegor Zamula is hit by Mikael Backlund and loses puck.
10:57 of 3rd period - Ryan Strome is hit by Alex Ovechkin and loses puck.
11:36 of 3rd period - Wrist shot by Eetu Luostarinen.
11:36 of 3rd period - Stopped by Jake Oettinger without a rebound.
11:37 of 3rd period - Vincent Trocheck wins face-off versus Mikael Backlund in Washington Capitals zone.
11:46 of 3rd period - Snap shot by John Carlson.
11:46 of 3rd period - Stopped by Petr Mrazek without a rebound.
11:47 of 3rd period - Vincent Trocheck wins face-off versus Mikael Backlund in Boston Bruins zone.
11:47 of 3rd period - Vincent Trocheck is hit by Jamie Oleksiak.
12:01 of 3rd period - Snap shot by Mikael Backlund.
12:01 of 3rd period - Goal by Mikael Backlund - Washington Capitals : 6 - Boston Bruins : 1.
12:02 of 3rd period - Andrew Copp wins face-off versus Nico Hischier in neutral zone.
12:07 of 3rd period - Slapshot by Joel Farabee.
12:07 of 3rd period - Stopped by Jake Oettinger without a rebound.
12:08 of 3rd period - Andrew Copp wins face-off versus Nico Hischier in Washington Capitals zone.
12:17 of 3rd period - Snap shot by Evander Kane.
12:17 of 3rd period - Shot Hit the Post.
12:45 of 3rd period - Snap shot by Morgan Geekie.
12:45 of 3rd period - Deflect By Matthew Beniers.
12:45 of 3rd period - Stopped by Jake Oettinger without a rebound.
12:46 of 3rd period - Mikael Backlund wins face-off versus Vincent Trocheck in Washington Capitals zone.
13:02 of 3rd period - Off-side.
13:03 of 3rd period - Evander Kane wins face-off versus Nick Foligno in neutral zone.
13:17 of 3rd period - Evander Kane is hit by Fabian Zetterlund.
13:29 of 3rd period - Alex Newhook is hit by John Carlson and loses puck.
13:39 of 3rd period - Minor Penalty to John Carlson for High sticking.
13:40 of 3rd period - Michael McLeod wins face-off versus Vincent Trocheck in Washington Capitals zone.
14:09 of 3rd period - Wrist shot by Joel Farabee.
14:09 of 3rd period - Shot Misses the Net.
14:11 of 3rd period - Wrist shot by Connor Clifton.
14:11 of 3rd period - Shot Blocked by Nick Foligno.
14:13 of 3rd period - Slapshot by Connor Clifton.
14:13 of 3rd period - Shot Blocked by Nick Foligno.
14:15 of 3rd period - Slapshot by Connor Clifton.
14:15 of 3rd period - Shot Blocked by Michael McLeod.
14:17 of 3rd period - Slapshot by Andrew Copp.
14:17 of 3rd period - Shot Misses the Net.
14:19 of 3rd period - Slapshot by Ty Emberson.
14:19 of 3rd period - Deflect By Joel Farabee.
14:19 of 3rd period - Stopped by Jake Oettinger without a rebound.
14:20 of 3rd period - Mikael Backlund wins face-off versus Vincent Trocheck in Washington Capitals zone.
14:30 of 3rd period - Off-side.
14:31 of 3rd period - Vincent Trocheck wins face-off versus Michael McLeod in neutral zone.
14:34 of 3rd period - Slapshot by Ryan Strome.
14:34 of 3rd period - Shot Blocked by Jamie Oleksiak.
14:36 of 3rd period - Slapshot by Torey Krug.
14:36 of 3rd period - Stopped by Jake Oettinger with a rebound.
14:38 of 3rd period - Snap shot by Alex Newhook.
14:38 of 3rd period - Stopped by Jake Oettinger without a rebound.
14:39 of 3rd period - Mikael Backlund wins face-off versus Vincent Trocheck in Washington Capitals zone.
14:54 of 3rd period - Snap shot by Nick Foligno.
14:54 of 3rd period - Stopped by Petr Mrazek without a rebound.
14:55 of 3rd period - Andrew Copp wins face-off versus Mikael Backlund in Boston Bruins zone.
15:00 of 3rd period - Slapshot by Connor Clifton.
15:00 of 3rd period - Goal by Connor Clifton - Washington Capitals : 6 - Boston Bruins : 2.
15:01 of 3rd period - Andrew Copp wins face-off versus Nico Hischier in neutral zone.
15:38 of 3rd period - Torey Krug is hit by Brad Marchand and loses puck.
16:13 of 3rd period - Snap shot by Yegor Chinakhov.
16:13 of 3rd period - Shot Misses the Net.
16:15 of 3rd period - Snap shot by Michael McLeod.
16:15 of 3rd period - Stopped by Petr Mrazek with a rebound.
16:35 of 3rd period - Snap shot by Jason Robertson.
16:35 of 3rd period - Shot Blocked by Torey Krug.
16:51 of 3rd period - Angus Crookshank is hit by Fabian Zetterlund and loses puck.
17:20 of 3rd period - Wrist shot by Brad Marchand.
17:20 of 3rd period - Stopped by Petr Mrazek without a rebound.
17:21 of 3rd period - Nico Hischier wins face-off versus Andrew Copp in Boston Bruins zone.
17:33 of 3rd period - Snap shot by John Ludvig.
17:33 of 3rd period - Shot Misses the Net.
17:35 of 3rd period - Snap shot by Yegor Zamula.
17:35 of 3rd period - Shot Blocked by Jason Robertson.
17:59 of 3rd period - Off-side.
18:00 of 3rd period - Nico Hischier wins face-off versus Andrew Copp in neutral zone.
18:28 of 3rd period - Slapshot by Alex Newhook.
18:28 of 3rd period - Shot Blocked by Jamie Oleksiak.
18:30 of 3rd period - Slapshot by Ty Emberson.
18:30 of 3rd period - Goal by Ty Emberson - Washington Capitals : 6 - Boston Bruins : 3.
18:31 of 3rd period - Andrew Copp wins face-off versus Mikael Backlund in neutral zone.
18:58 of 3rd period - Alex Newhook is hit by Nick Foligno.
19:54 of 3rd period - Eetu Luostarinen is hit by Jamie Oleksiak and loses puck.
Goals for this period are 3 for Washington Capitals vs 2 for Boston Bruins.
Shots for this period are 14 for Washington Capitals vs 17 for Boston Bruins.
Back to the Top